TOP OF THE 1ST |
Brooklyn Cyclones batting - Pitching for Salem-Keizer Volcanoes : RHP Mitsuo Kuriyama
|
Pitching: RHP Mitsuo Kuriyama
|
|
Batting: RHB Prabhukumar Santhanakrishnan
|
0-0: Ball 1-0: Ball 2-0: Foul Ball, location: 2F 2-1: Foul Ball, location: 2F 2-2: Ball 3-2: Base on Balls
|
Batting: LHB Elmo Dreier
|
0-0: Ball 1-0: Called Strike 1-1: Called Strike 1-2: Strikes out looking
|
Batting: SHB Keith Casner
|
0-0: Called Strike 0-1: Foul Ball, location: 2F 0-2: Grounds into double play, U6-3 (Groundball, 6M, EV 86.9 MPH)
|
Top of the 1st over - 0 runs, 0 hits, 0 errors, 0 left on base; Brooklyn 0 - Salem-Keizer 0 |
BOTTOM OF THE 1ST |
Salem-Keizer Volcanoes batting - Pitching for Brooklyn Cyclones : RHP Pat Sprague
|
Pitching: RHP Pat Sprague
|
|
Batting: LHB Joe Hoover
|
0-0: Foul Ball, location: 2F 0-1: Swinging Strike 0-2: Ground out 4-3 (Groundball, 4D, EV 103.1 MPH)
|
Batting: LHB Adrian Navarro
|
0-0: Ball 1-0: Ball 2-0: Ball 3-0: Called Strike 3-1: Foul Ball, location: 2F 3-2: Foul Ball, location: 2F 3-2: Ground out 4-3 (Groundball, 34, EV 110.0 MPH)
|
Batting: LHB Ben Radach
|
0-0: Ball 1-0: SINGLE (Groundball, 56D, EV 106.9 MPH)
|
Batting: RHB Mario Saez
|
0-0: Called Strike 0-1: Ball Wild Pitch! Ben Radach to second 1-1: Ball 2-1: Foul Ball, location: 2F 2-2: Fly out, F7 (Flyball, 7, EV 91.2 MPH)
|
Bottom of the 1st over - 0 runs, 1 hit, 0 errors, 1 left on base; Brooklyn 0 - Salem-Keizer 0 |
TOP OF THE 2ND |
Brooklyn Cyclones batting - Pitching for Salem-Keizer Volcanoes : RHP Mitsuo Kuriyama
|
Batting: RHB Bill Crogan
|
0-0: Ground out 6-3 (Groundball, 6, EV 104.4 MPH)
|
Batting: RHB Rich Cracchiolo
|
0-0: Called Strike 0-1: Foul Ball, location: 2F 0-2: Ball 1-2: Ball 2-2: Strikes out swinging
|
Batting: RHB Mike Mathews
|
0-0: Called Strike 0-1: Ball 1-1: Ball 2-1: DOUBLE (Line Drive, 9LM, EV 113.8 MPH)
|
Batting: RHB Victor Reyes
|
0-0: Fly out, F5 (Line Drive, 5, EV 71.9 MPH)
|
Top of the 2nd over - 0 runs, 1 hit, 0 errors, 1 left on base; Brooklyn 0 - Salem-Keizer 0 |
BOTTOM OF THE 2ND |
Salem-Keizer Volcanoes batting - Pitching for Brooklyn Cyclones : RHP Pat Sprague
|
Batting: LHB Tom Reynolds
|
0-0: Ball 1-0: Swinging Strike 1-1: Ball 2-1: Swinging Strike 2-2: Strikes out swinging
|
Batting: LHB Mike Sammons
|
0-0: Ball 1-0: SINGLE (Groundball, 6, EV 98.8 MPH)
|
Batting: RHB Adrian Martinelli
|
0-0: Grounds into double play, 3-6-3 (Groundball, 3, EV 110.0 MPH)
|
Bottom of the 2nd over - 0 runs, 1 hit, 0 errors, 0 left on base; Brooklyn 0 - Salem-Keizer 0 |
TOP OF THE 3RD |
Brooklyn Cyclones batting - Pitching for Salem-Keizer Volcanoes : RHP Mitsuo Kuriyama
|
Batting: SHB Callum Lynch
|
0-0: Called Strike 0-1: SINGLE (Groundball, 4M, EV 102.5 MPH) (infield hit)
|
Batting: SHB Duri Chilemba
|
0-0: Ball 1-0: Foul Ball, location: 2F 1-1: Foul Ball, location: 2F 1-2: Ball Wild Pitch! Callum Lynch to second 2-2: Ball Wild Pitch! Callum Lynch to third 3-2: Foul Ball, location: 2F 3-2: Strikes out swinging
|
Batting: RHB Prabhukumar Santhanakrishnan
|
0-0: Called Strike 0-1: Foul Ball, location: 2F 0-2: Strikes out swinging
|
Batting: LHB Elmo Dreier
|
0-0: Called Strike 0-1: Ball 1-1: Fly out, F5 (Popup, 25F, EV 81.9 MPH)
|
Top of the 3rd over - 0 runs, 1 hit, 0 errors, 1 left on base; Brooklyn 0 - Salem-Keizer 0 |
BOTTOM OF THE 3RD |
Salem-Keizer Volcanoes batting - Pitching for Brooklyn Cyclones : RHP Pat Sprague
|
Batting: LHB Chris Raymond
|
0-0: Ball 1-0: Ball 2-0: Ball 3-0: Called Strike 3-1: Foul Ball, location: 2F 3-2: SOLO HOME RUN (Flyball, 9LD, EV 93.8 MPH), Distance : 354 ft
|
Batting: SHB Curtis Thompson
|
0-0: Ball 1-0: Called Strike 1-1: Ball 2-1: Foul Ball, location: 2F 2-2: Hit by Pitch
|
Batting: LHB Joe Hoover
|
0-0: Called Strike 0-1: Ball Curtis Thompson steals 2nd base 1-1: Fly out, F8 (Flyball, 78D, EV 99.4 MPH)
|
Batting: LHB Adrian Navarro
|
0-0: Ball 1-0: Called Strike Curtis Thompson steals 3rd base (no throw) 1-1: Ball 2-1: Ball 3-1: Foul Ball, location: 2F 3-2: TRIPLE (Line Drive, 9LD, EV 101.9 MPH) Curtis Thompson scores
|
Batting: LHB Ben Radach
|
0-0: Called Strike 0-1: Foul Ball, location: 2F 0-2: Ball 1-2: Fly out, F9 (Flyball, 9, EV 86.9 MPH)
|
Batting: RHB Mario Saez
|
0-0: Called Strike 0-1: Ball 1-1: Foul Ball, location: 2F 1-2: Ball 2-2: Foul Ball, location: 2F 2-2: Fly out, F7 (Line Drive, 7S, EV 90.0 MPH)
|
Bottom of the 3rd over - 2 runs, 2 hits, 0 errors, 1 left on base; Brooklyn 0 - Salem-Keizer 2 |
TOP OF THE 4TH |
Brooklyn Cyclones batting - Pitching for Salem-Keizer Volcanoes : RHP Mitsuo Kuriyama
|
Batting: SHB Keith Casner
|
0-0: Called Strike 0-1: Ball 1-1: Ball 2-1: Foul Ball, location: 2F 2-2: SINGLE (Groundball, 4MD, EV 100.6 MPH)
|
Batting: RHB Bill Crogan
|
0-0: Called Strike 0-1: Ball 1-1: Ball Wild Pitch! Keith Casner to second 2-1: Fly out, F3 (Popup, 3L, EV 70.6 MPH)
|
Batting: RHB Rich Cracchiolo
|
0-0: Ball 1-0: Ball 2-0: Ground out 3-1 (Groundball, 34, EV 106.9 MPH) Keith Casner to third
|
Batting: RHB Mike Mathews
|
0-0: Ball 1-0: Called Strike 1-1: Ball 2-1: Fly out, F8 (Flyball, 8LD, EV 90.0 MPH)
|
Top of the 4th over - 0 runs, 1 hit, 0 errors, 1 left on base; Brooklyn 0 - Salem-Keizer 2 |
BOTTOM OF THE 4TH |
Salem-Keizer Volcanoes batting - Pitching for Brooklyn Cyclones : RHP Pat Sprague
|
Batting: LHB Tom Reynolds
|
0-0: Ball 1-0: DOUBLE (Line Drive, 3D, EV 97.5 MPH)
|
Batting: LHB Mike Sammons
|
0-0: Foul Ball, location: 2F 0-1: Foul Ball, location: 2F 0-2: Ball 1-2: Ball 2-2: Ground out 3-1 (Groundball, 34S, EV 82.5 MPH) Tom Reynolds to third
|
Batting: RHB Adrian Martinelli
|
0-0: Foul Ball, location: 2F 0-1: Ball 1-1: TRIPLE (Line Drive, 9LD, EV 108.1 MPH) Tom Reynolds scores
|
Batting: LHB Chris Raymond
|
0-0: Foul Ball, location: 2F 0-1: Ball 1-1: Swinging Strike 1-2: Foul Ball, location: 2F 1-2: Ball 2-2: Ball 3-2: Foul Ball, location: 2F 3-2: Foul Ball, location: 2F 3-2: SINGLE (Line Drive, 8LS, EV 100.6 MPH) Adrian Martinelli scores
|
Batting: SHB Curtis Thompson
|
0-0: Ball 1-0: Ball 2-0: Foul Ball, location: 2F 2-1: Swinging Strike 2-2: Ball 3-2: Fly out, F2 (Popup, 25F, EV 92.5 MPH)
|
Batting: LHB Joe Hoover
|
0-0: Called Strike 0-1: Swinging Strike 0-2: Ball 1-2: Ground out 4-3 (Groundball, 4, EV 88.8 MPH)
|
Bottom of the 4th over - 2 runs, 3 hits, 0 errors, 1 left on base; Brooklyn 0 - Salem-Keizer 4 |
TOP OF THE 5TH |
Brooklyn Cyclones batting - Pitching for Salem-Keizer Volcanoes : RHP Mitsuo Kuriyama
|
Batting: RHB Victor Reyes
|
0-0: Ground out 6-3 (Groundball, 6, EV 81.9 MPH)
|
Batting: SHB Callum Lynch
|
0-0: Swinging Strike 0-1: Called Strike 0-2: Foul Ball, location: 2F 0-2: Foul Ball, location: 2F 0-2: Ground out U3 (Groundball, 3, EV 85.0 MPH)
|
Batting: SHB Duri Chilemba
|
0-0: Ball 1-0: Ball 2-0: Ball 3-0: Base on Balls
|
Batting: RHB Prabhukumar Santhanakrishnan
|
0-0: Ball 1-0: Foul Ball, location: 2F 1-1: Called Strike 1-2: Ball 2-2: Foul Ball, location: 2F 2-2: Foul Ball, location: 2F 2-2: SINGLE (Groundball, 6MD, EV 104.4 MPH) Duri Chilemba to second Runner from 2nd tries for 3rd, SAFE, no throw by CF
|
Batting: LHB Elmo Dreier
|
0-0: Ball Wild Pitch! Duri Chilemba scores Prabhukumar Santhanakrishnan to second 1-0: Swinging Strike 1-1: Ground out 4-3 (Groundball, 34, EV 95.0 MPH)
|
Top of the 5th over - 1 run, 1 hit, 0 errors, 1 left on base; Brooklyn 1 - Salem-Keizer 4 |
BOTTOM OF THE 5TH |
Salem-Keizer Volcanoes batting - Pitching for Brooklyn Cyclones : RHP Pat Sprague
|
Pitching: LHP Dan Clausing
|
|
Batting: LHB Adrian Navarro
|
0-0: Ball 1-0: Ball 2-0: Foul Ball, location: 2F 2-1: Ground out 3-1 (Groundball, 34S, EV 84.4 MPH)
|
Batting: LHB Ben Radach
|
0-0: Called Strike 0-1: Foul Ball, location: 2F 0-2: Ball 1-2: Ball 2-2: Strikes out swinging
|
Batting: RHB Mario Saez
|
0-0: Ball 1-0: Ball 2-0: Ball 3-0: Called Strike 3-1: Swinging Strike 3-2: Base on Balls
|
Batting: LHB Tom Reynolds
|
0-0: Ball 1-0: Ball 2-0: Ball 3-0: Base on Balls Mario Saez to second
|
Batting: LHB Mike Sammons
|
0-0: Called Strike 0-1: Ball 1-1: Foul Ball, location: 2F 1-2: Strikes out swinging
|
Bottom of the 5th over - 0 runs, 0 hits, 0 errors, 2 left on base; Brooklyn 1 - Salem-Keizer 4 |
TOP OF THE 6TH |
Brooklyn Cyclones batting - Pitching for Salem-Keizer Volcanoes : RHP Mitsuo Kuriyama
|
Batting: SHB Keith Casner
|
0-0: Swinging Strike 0-1: Ball 1-1: Ball 2-1: Ball 3-1: Swinging Strike 3-2: Strikes out looking
|
Batting: RHB Bill Crogan
|
0-0: Swinging Strike 0-1: Foul Ball, location: 2F 0-2: Ball 1-2: Strikes out swinging
|
Batting: RHB Rich Cracchiolo
|
0-0: Called Strike 0-1: Ball 1-1: Called Strike 1-2: Ball 2-2: Foul Ball, location: 2F 2-2: Strikes out looking
|
Top of the 6th over - 0 runs, 0 hits, 0 errors, 0 left on base; Brooklyn 1 - Salem-Keizer 4 |
BOTTOM OF THE 6TH |
Salem-Keizer Volcanoes batting - Pitching for Brooklyn Cyclones : LHP Dan Clausing
|
Batting: RHB Adrian Martinelli
|
0-0: Ball 1-0: Ball 2-0: SINGLE (Groundball, 56D, EV 95.6 MPH)
|
Batting: LHB Chris Raymond
|
0-0: Ball Adrian Martinelli steals 2nd base 1-0: Intentional Walk
|
Batting: SHB Curtis Thompson
|
0-0: Called Strike 0-1: Ball 1-1: Swinging Strike 1-2: Reached on error, E2 (Groundball, 15S, EV 73.1 MPH) Adrian Martinelli to third Chris Raymond to second
|
Batting: LHB Joe Hoover
|
0-0: Foul Ball, location: 2F 0-1: Called Strike 0-2: Foul Ball, location: 2F 0-2: Strikes out swinging
|
Batting: LHB Adrian Navarro
|
0-0: Ball 1-0: Ball 2-0: Ball 3-0: Called Strike 3-1: Foul Ball, location: 2F 3-2: SINGLE (Groundball, 56, EV 104.4 MPH) Adrian Martinelli scores Chris Raymond to third Curtis Thompson to second Runner from 3rd tries for Home, throw by LF and OUT! 7-2 Curtis Thompson to third Adrian Navarro to second
|
Pitching: RHP Ari Kuusinen
|
|
Batting: LHB Ben Radach
|
0-0: Ball 1-0: Foul Ball, location: 2F 1-1: Foul Ball, location: 2F 1-2: Ball 2-2: Ball 3-2: Ground out 5-3 (Groundball, 56, EV 84.4 MPH)
|
Bottom of the 6th over - 1 run, 2 hits, 1 error, 2 left on base; Brooklyn 1 - Salem-Keizer 5 |
TOP OF THE 7TH |
Brooklyn Cyclones batting - Pitching for Salem-Keizer Volcanoes : RHP Mitsuo Kuriyama
|
Pitching: RHP Joaquin Villalobos
|
|
Now at 1B: J.R. Roberts
|
|
Now at SS: Jim Begger
|
|
Now in CF: Houston Brock
|
|
Now in RF: Andy Cunningham
|
|
Batting: RHB Mike Mathews
|
0-0: Called Strike 0-1: Ball 1-1: Swinging Strike 1-2: Strikes out looking
|
Batting: RHB Victor Reyes
|
0-0: Ball 1-0: Foul Ball, location: 2F 1-1: Reached on error, E6 (Groundball, 6, EV 88.8 MPH)
|
Batting: SHB Callum Lynch
|
0-0: Ball 1-0: Foul Ball, location: 2F 1-1: Ball 2-1: Fly out, F9 (Flyball, 89M, EV 95.6 MPH)
|
Batting: SHB Duri Chilemba
|
0-0: Ball 1-0: Called Strike 1-1: Called Strike 1-2: Ball 2-2: Strikes out swinging
|
Top of the 7th over - 0 runs, 0 hits, 1 error, 1 left on base; Brooklyn 1 - Salem-Keizer 5 |
BOTTOM OF THE 7TH |
Salem-Keizer Volcanoes batting - Pitching for Brooklyn Cyclones : RHP Ari Kuusinen
|
Batting: RHB Mario Saez
|
0-0: Called Strike 0-1: Ball 1-1: Ground out 6-3 (Groundball, 6, EV 78.1 MPH)
|
Batting: LHB Tom Reynolds
|
0-0: Ball 1-0: Called Strike 1-1: Called Strike 1-2: Strikes out swinging
|
Batting: LHB Mike Sammons
|
0-0: Called Strike 0-1: Swinging Strike 0-2: Ball 1-2: Ball 2-2: Ball 3-2: Base on Balls
|
Batting: RHB Adrian Martinelli
|
0-0: Called Strike Mike Sammons steals 2nd base 0-1: SINGLE (Groundball, 4D, EV 97.5 MPH) Mike Sammons to third Runner from 3rd tries for Home, SAFE, throw by CF to home
|
Batting: RHB Andy Cunningham
|
0-0: Called Strike 0-1: Swinging Strike 0-2: Foul Ball, location: 2F 0-2: Ball 1-2: Foul Ball, location: 2F 1-2: Fly out, F4 (Flyball, 4D, EV 91.9 MPH)
|
Bottom of the 7th over - 1 run, 1 hit, 0 errors, 1 left on base; Brooklyn 1 - Salem-Keizer 6 |
TOP OF THE 8TH |
Brooklyn Cyclones batting - Pitching for Salem-Keizer Volcanoes : RHP Joaquin Villalobos
|
Batting: RHB Prabhukumar Santhanakrishnan
|
0-0: Ball 1-0: Called Strike 1-1: Ball 2-1: DOUBLE (Flyball, 8LXD, EV 105.6 MPH)
|
Batting: LHB Elmo Dreier
|
0-0: Ground out 5-3 (Groundball, 56S, EV 94.4 MPH)
|
Batting: SHB Keith Casner
|
0-0: Ball 1-0: Called Strike 1-1: Ball 2-1: Called Strike 2-2: Foul Ball, location: 2F 2-2: Foul Ball, location: 2F 2-2: Ball 3-2: SINGLE (Flyball, 7LS, EV 93.8 MPH) Prabhukumar Santhanakrishnan to third
|
Batting: RHB Bill Crogan
|
0-0: Foul Ball, location: 2F 0-1: Called Strike 0-2: Ball 1-2: Ball 2-2: Strikes out looking
|
Batting: RHB Rich Cracchiolo
|
0-0: Called Strike 0-1: Foul Ball, location: 2F 0-2: Strikes out looking
|
Top of the 8th over - 0 runs, 2 hits, 0 errors, 2 left on base; Brooklyn 1 - Salem-Keizer 6 |
BOTTOM OF THE 8TH |
Salem-Keizer Volcanoes batting - Pitching for Brooklyn Cyclones : RHP Ari Kuusinen
|
Batting: SHB Curtis Thompson
|
0-0: Called Strike 0-1: Ball 1-1: Ball 2-1: Foul Ball, location: 2F 2-2: Strikes out looking
|
Batting: RHB J.R. Roberts
|
0-0: Fly out, F6 (Popup, 6D, EV 55.0 MPH)
|
Batting: RHB Jim Begger
|
0-0: Foul Ball, location: 2F 0-1: Called Strike 0-2: Ball 1-2: Ball 2-2: Foul Ball, location: 2F 2-2: Strikes out swinging
|
Bottom of the 8th over - 0 runs, 0 hits, 0 errors, 0 left on base; Brooklyn 1 - Salem-Keizer 6 |
TOP OF THE 9TH |
Brooklyn Cyclones batting - Pitching for Salem-Keizer Volcanoes : RHP Joaquin Villalobos
|
Batting: RHB Mike Mathews
|
0-0: Called Strike 0-1: Ground out 6-3 (Groundball, 6MD, EV 93.8 MPH)
|
Batting: RHB Victor Reyes
|
0-0: Ball 1-0: Ball 2-0: Foul Ball, location: 2F 2-1: Foul Ball, location: 2F 2-2: Ball 3-2: Strikes out swinging
|
Batting: SHB Callum Lynch
|
0-0: Ground out 4-3 (Groundball, 4, EV 85.0 MPH)
|
Top of the 9th over - 0 runs, 0 hits, 0 errors, 0 left on base; Brooklyn 1 - Salem-Keizer 6 |
|